 Dungeon Sprint DCSS version 0.19.1 (webtiles) character file.

0 KingBobo974 the Ruffian (level 1, -1/22 HPs)
             Began as a Troll Berserker on Dec 15, 2016.
             Was a Believer of Trog.
             Slain by Sigmund
             ... wielding a +0 scythe
              (9 damage)
             ... in the Dungeon (Sprint VI: "Thunderdome").
             The game lasted 00:03:40 (144 turns).

KingBobo974 the Ruffian (Troll Berserker)            Turns: 144, Time: 00:03:40

Health: -1/22      AC:  7    Str: 24    XL:     1   Next: 58%
Magic:  0/0        EV: 10    Int:  3    God:    Trog [**....]
Gold:   20         SH:  0    Dex:  9    Spells: 0 memorised, 0 levels left

rFire  . . .     SeeInvis .       - Unarmed
rCold  . . .     Gourm    +     m - +0 troll leather armour
rNeg   . . .     Faith    .     (no shield)
rPois  .         Spirit   .     (helmet restricted)
rElec  .         Reflect  .     (no cloak)
rCorr  .         Harm     .     (gloves unavailable)
MR     .....     NoTele   +     (boots unavailable)
Stlth  +.........               (no amulet)
                                (no ring)
                                (no ring)

@: no status effects
A: unfitting armour, claws 3, fast metabolism 3, gourmand, regeneration 1,
shaggy fur 1, tough skin 2
a: Berserk, Trog's Hand, Burn Spellbooks, Renounce Religion


You were in the Dungeon.
You worshipped Trog.
Trog was pleased with you.
You were not hungry.

You visited 1 branch You collected 200 gold pieces.
You spent 180 gold pieces at shops.

Inventory:

Armour
 a - a +0 animal skin
 m - a +0 troll leather armour (worn)
Wands
 j - a wand of acid (5/15)
 k - a wand of iceblast (5/15)
Scrolls
 h - 4 scrolls of blinking
 l - 3 scrolls of fog
Potions
 c - a potion of curing
 d - 4 potions of heal wounds
 e - 4 potions of haste
 f - 2 potions of magic
 g - a potion of berserk rage
 i - a potion of resistance
Comestibles
 b - 2 bread rations


   Skills:
 - Level 2.4 Fighting
 - Level 2.4 Dodging
 * Level 4.4 Unarmed Combat


You couldn't memorise any spells.
You didn't know any spells.

Dungeon Overview and Level Annotations

Branches:
Dungeon (1/1)

Altars:
Cheibriados
Dithmenos
Fedhas
Gozag
Kikubaaqudgha
Makhleb
Okawaru
Qazlal
Ru
Sif Muna
Trog
Uskayaw
Vehumet
Xom
Yredelemnul
Zin
The Shining One
Beogh
Jiyva
Lugonu

Shops:
D *[%??*?*:[((!!!!

Annotations:
D Sigmund


Innate Abilities, Weirdness & Mutations

You are too large for most types of armour.
You have claws for hands.
Your metabolism is lightning-fast.
You like to eat raw meat.
Your natural rate of healing is unusually fast.
You are covered in fur. (AC +1)
You have very tough skin. (AC +2)


Message History

The dart slug launches a dart at you. The slug dart hits you!
You are too confused!
Something hits you!
You miss something. Something hits you but does no damage.
You bump into the rock wall.
The dart slug launches a dart at you. The slug dart misses you.
You are too confused!
You are too confused!
You are too confused!
You scratch the dart slug.
The dart slug is almost dead. 50...
Something hits you.
You bump into the rock wall.
You feel less confused. The dart slug launches a dart at you.
The slug dart hits you! Something hits you!
You die...

##∩.....∩## #∩.......∩#
#_......._# #_......._#
#_...†..._# ###.........###
#⌠...........⌠#
######.8†w.{.....8.######
##∩___.....@###......___∩##
###∩........8.# #.8........∩##
##.............###.............
#⌠..........###...###..........
#⌠..........# #.<.# #..........
#⌠..........###...###..........
##.............###.............
###∩........8.# #.8........∩##
##∩.__......###......___∩##


You could see a dart slug.

Vanquished Creatures
  A leopard gecko (D)
  A bat skeleton (D)
  A bat (D)
  A kobold (D)
4 creatures vanquished.

Notes
Turn   | Place    | Note
-------+----------+-------------------------------------------
     0 | D        | KingBobo974 the Troll Berserker began the quest for the Orb.
     0 | D        | Reached XP level 1. HP: 22/22 MP: 0/0
     2 | D        | Found an ancient bone altar of Kikubaaqudgha.
     2 | D        | Found a stormy altar of Qazlal.
     3 | D        | Found a burning altar of Makhleb.
     3 | D        | Found a sacrificial altar of Ru.
     4 | D        | Found a hide-covered altar of Uskayaw.
     4 | D        | Found a basalt altar of Yredelemnul.
     5 | D        | Found a blossoming altar of Fedhas.
     5 | D        | Found a snail-covered altar of Cheibriados.
     5 | D        | Found Reaseywn's Magic Scroll Shop.
     5 | D        | Found Omauppen's Staff Store.
     5 | D        | Round 1.
     6 | D        | Found Feli's Magic Scroll Shop.
     6 | D        | Found Subicoko's Must-Have Magic.
    43 | D        | Found a deep blue altar of Sif Muna.
    45 | D        | Found a shadowy altar of Dithmenos.
    45 | D        | Found an opulent altar of Gozag.
    45 | D        | Found Qamom's Distillery.
    45 | D        | Found Zousyffi's Distillery.
    46 | D        | Found Oteugh's Bottled Wisdom.
    51 | D        | Found Danoppi's Do-It-Yourself Clinic.
    51 | D        | Found a radiant altar of Vehumet.
    51 | D        | Found a glowing silver altar of Zin.
    51 | D        | Found a roughly hewn altar of Beogh.
    60 | D        | Found a viscous altar of Jiyva.
    64 | D        | Found Muamn's Weapon Rack.
    64 | D        | Found Yvved's Basic Armour.
    65 | D        | Found Humoplor's Miscellaneous Merchandise.
    70 | D        | Found Qysist's Premium Goods.
    70 | D        | Found a bloodstained altar of Trog.
    70 | D        | Found an iron altar of Okawaru.
    71 | D        | Bought a +0 troll leather armour for 180 gold pieces
    91 | D        | Found a glowing golden altar of the Shining One.
    93 | D        | Found a corrupted altar of Lugonu.
    93 | D        | Found Kietwam's Identification Station.
    93 | D        | Found Mier's Advanced Armour.
    94 | D        | Found Folum's Jewellery.
    99 | D        | Found Evuacig's Bee Food.
    99 | D        | Found a shimmering altar of Xom.
   108 | D        | Reached ** piety under Trog
   108 | D        | Reached skill level 4 in Unarmed Combat
   134 | D        | Noticed Sigmund
   144 | D        | Slain by Sigmund

Skill      XL: |  1 |
---------------+----+-----
Unarmed Combat | 4 |  4.4
Fighting       | |  2.4
Dodging        | |  2.4

Action                   || total
-------------------------++-------
Melee: Unarmed           ||    15
Armor: Troll leather arm ||     7
       Animal skin       ||     1
Dodge: Dodged            ||     8
